AoeStats
← 客官

Nomad

508183426Analyzed
4v4 RM · 12d ago on Sep 21, 2026· 36m 9s· 8 players
Game mode
Random Map
Map size
231×231
Population
200
Speed
Normal
Resources
Standard
Victory
Conquest
Starting age
Dark Age
Ending age
Imperial Age
RankedLock teamsTeams togetherTeam positionsShared explorationLock speedFull tech treeHidden civsTurbo modeCheats
Victory
Defeat
🇨🇳 Franks · China
1493
+11
🇧🇷 Chinese · Brazil
1487
+11
🇦🇹 Berbers · Austria
1468
+12
🇨🇳 Spanish · China
1405
+13
🇨🇳 Magyars · China
1403
-13
🇺🇸 Vietnamese · United States
1391
-13
🇮🇳 Wei · India
1361
-11
🇨🇳 Celts · China
1320
-10
RockAxe2
4:30 Loom
14:38 Feudal Age
17:43 Double-Bit Axe
17:41 Horse Collar
20:12 Castle Age
18:58 Double-Bit Axe
18:56 Horse Collar
19:35 Gold Mining
21:22 Bow Saw
21:50 Heavy Plow
24:20 Scale Barding Armor
26:28 Chain Barding Armor
27:53 Wheelbarrow
31:43 Imperial Age
31:13 Hand Cart
30:44 Town Watch
31:51 Forging
33:52 Iron Casting
34:05 Conscription
33:46 Tuntian
35:27 Husbandry
35:38 Bloodlines
客官
5:03 Loom
13:28 Feudal Age
14:37 Town Watch
15:22 Double-Bit Axe
17:39 Castle Age
16:02 Scale Barding Armor
16:34 Bloodlines
19:32 Husbandry
33:48 Wheelbarrow
38:25 Imperial Age
38:47 Imperial Age
36:35 Hand Cart
36:04 Horse Collar
35:53 Pikeman
很蓝的啦
7:56 Loom
14:18 Feudal Age
14:45 Town Watch
14:44 Fishing Lines
15:06 Double-Bit Axe
15:35 Gold Mining
16:27 Arson
16:03 Man-at-Arms
17:40 Horse Collar
23:55 Castle Age
抖音帝国时代dmv
4:21 Loom
13:19 Feudal Age
18:05 Castle Age
16:38 Double-Bit Axe
22:04 Fletching
22:59 Town Watch
23:51 Wheelbarrow
25:35 Bow Saw
26:01 Horse Collar
29:38 Hand Cart
34:49 Imperial Age
PowerP
12:04 Loom
14:47 Feudal Age
18:29 Castle Age
16:37 Double-Bit Axe
17:20 Gold Mining
18:41 Scale Barding Armor
19:49 Forging
25:18 Fishing Lines
25:54 Medium Warships
26:30 Wheelbarrow
27:15 Bloodlines
27:05 Husbandry
27:22 Horse Collar
29:24 Heavy Plow
30:51 Hand Cart
逆·风
3:14 Loom
16:18 Feudal Age
16:50 Double-Bit Axe
16:47 Fishing Lines
21:12 Castle Age
19:59 Stone Mining
20:00 Fletching
20:03 Town Watch
20:43 Gold Mining
20:55 Padded Archer Armor
21:31 Horse Collar
22:04 Bodkin Arrow
23:09 Wheelbarrow
23:39 Leather Archer Armor
26:41 Hand Cart
26:49 Gillnets
29:47 Bow Saw
29:38 Heavy Plow
30:16 Gold Shaft Mining
30:17 Stone Shaft Mining
31:57 Murder Holes
33:07 Ballistics
35:51 Imperial Age
34:02 Masonry
35:28 Town Patrol
36:26 Coinage
36:06 Elite Chu Ko Nu
825889483
5:14 Loom
13:38 Feudal Age
17:34 Castle Age
15:58 Stone Mining
29:02 Scale Mail Armor
30:37 Chain Mail Armor
37:08 Imperial Age
35:52 Forging
543880365
4:45 Loom
14:55 Feudal Age
15:47 Double-Bit Axe
18:32 Castle Age
19:05 Horse Collar
19:57 Bow Saw
30:37 Padded Archer Armor
34:09 Leather Archer Armor
34:30 Bloodlines
34:20 Husbandry
Connection lost

Rejoining the realm…

Still unreachable

The connection could not be restored.

Session expired

The server has moved on; the page needs a fresh start.